 Dungeon Crawl Stone Soup version 0.32-a0-872-g59262bdc9b (webtiles) character file.

Game seed: 11210003864216798947

366 Ruich the Carver (level 6, -7/51 HPs)
             Began as a Minotaur Chaos Knight on Mar 31, 2024.
             Was a Plaything of Xom.
             Shot with an arrow by a centaur (9 damage)
             ... on level 4 of the Dungeon.
             The game lasted 00:04:59 (1905 turns).

Ruich the Carver (Minotaur Chaos Knight)            Turns: 1905, Time: 00:04:59

Health: -7/51      AC:  5    Str: 16    XL:     6   Next: 40%
Magic:  5/5        EV: 15    Int:  9    God:    Xom [......]
Gold:   217        SH:  0    Dex: 12    Spells: 5/5 levels left

rFire   . . .        a - +1 falchion (flame)
rCold   . . .        (no shield)
rNeg    + . .        b - +2 leather armour
rPois   .            (helmet restricted)
rElec   .            (no cloak)
rCorr   .            (no gloves)
SInv    .            (no boots)
Will    .....        (no amulet)
Stlth   +            i - +5 ring of evasion
HPRegen 0.28/turn    s - ring of positive energy
MPRegen 0.09/turn

%: no passive effects
@: slowed, very slow
A: horns 2, retaliatory headbutt
a: Renounce Religion


You were on level 4 of the Dungeon.
You worshipped Xom.
You were a very special plaything of Xom.
You visited 1 branch of the dungeon, and saw 4 of its levels.

You collected 217 gold pieces.


Innate Abilities, Weirdness & Mutations

You have a pair of horns on your head.
You reflexively headbutt those who attack you in melee.


   Skills:
 - Level 3.6 Fighting
 * Level 8.8 Long Blades
 - Level 2.4 Armour
 - Level 1.1 Dodging


You had 5 spell levels left.
You didn't know any spells.
Your spell library contained the following spells:

 Spells                   Type           Power      Damage    Failure   Level
 Sting                    Conj/Alch      0%         1d3       43%         1
 Ensorcelled Hibernation  Hex/Ice        0%         N/A       58%         2
 Mercury Vapours          Alch/Air       0%         N/A       58%         2
 Passwall                 Erth           0%         N/A       82%         3
 Tukima's Dance           Hex            0%         N/A       82%         3
 Volatile Blastmotes      Fire/Tloc      0%         2d10      82%         3
 Olgreb's Toxic Radiance  Alch           0%         N/A       99%         4
 Vhi's Electric Charge    Tloc/Air       0%         N/A       99%         4
 Bombard                  Conj/Erth      0%         9d1       100%        6
 Enfeeble                 Hex            0%         N/A       100%        7

Inventory:

Hand Weapons
 a - a +1 falchion of flaming (weapon)
Armour
 b - a +2 leather armour (worn)
Magical Staves
 k - a staff of fire {!a}
Jewellery
 h - a ring of resist corrosion
 i - a +5 ring of evasion (left hand)
 o - a ring of see invisible
 s - a ring of positive energy (right hand)
Scrolls
 d - a scroll of teleportation {@r2}
Potions
 f - a potion of degeneration {unknown}
 g - 4 potions of curing {@q1}
 j - 4 potions of magic
 l - 2 potions of might
 n - a potion of brilliance {unknown}
 r - 2 potions of attraction

Dungeon Overview and Level Annotations

Branches:
Dungeon (4/15) Zot: 22089  Temple (0/1) D:4

Altars:

Shops:
D:1

[ .............###
..##..##......# ... ..
.......#.##...# #..##.
.........# #..# #....
.........# #.# ....
#........# ...?..
........(#### .##.## ..
............ ##..# ....
............ #@..#.....
...........######........
...........##.#.Sh.......
.....#...#....J..h.......
.....#......bbO####oo....
.............bh# .>b...
.....$...b...b## #...c.
.......$.bb..## o....
............## .....


You could see a centaur, 3 orcs and 2 jackals.


Message History

The jackal barely misses you. The ogre barely misses your butterfly.
The jackal misses you. The adder misses your butterfly.
The jackal barely misses you.
Unknown command.
The jackal attacks as it pursues you! The jackal misses you. x2
You furiously retaliate!
You headbutt the jackal!
You kill the jackal!
The jackal completely misses you.
The jackal bites you but does no damage.
Unknown command.
Found a stone staircase leading down.
The jackal misses you.
The jackal bites you but does no damage.
Unknown command.
An orc comes into view. It is wielding a +0 flail.
The orc shouts!
You hear a shout!
An orc comes into view. It is wielding a +0 short sword.
The adder bites you but does no damage. The adder closely misses you.
The orc moves out of view.
Unknown command.
A centaur and an orc come into view.
Found a scroll of butterflies.
Your butterfly disappears in a burst of colours!
The centaur wields a +0 shortbow.
The centaur shoots an arrow.
* * * LOW HITPOINT WARNING * * *
The jackal bites you.
* * * LOW HITPOINT WARNING * * *
The adder closely misses you. You furiously retaliate!
You headbutt the adder!
The centaur shoots an arrow.
You die...
Xom guffaws!

Skill      XL: |  1  2  3  4  5 |
---------------+----------------+-----
Long Blades    | 4 5 6 8 |  8.8
Fighting       | |  3.6
Armour         | |  2.4
Dodging        | |  1.1

Action                     |  1- 3 |  4- 6 || total
---------------------------+-------+-------++-------
  Melee: Falchion          |    72 |    68 ||   140
         Headbutt          |    14 |    13 ||    27
    Use: Scroll            |     9 |     4 ||    13
         Potion            |       |     1 ||     1
 Armour: Leather armour    |    47 |    47 ||    94
  Dodge: Dodged            |    56 |    77 ||   133

Levels and vault maps discovered:
D:1:      mainiacjoe_arrival_oval_in_oval, layout_loops_ring, serial_shops,
          shop, minmay_misc_feat_plants
D:2:      wad_crossroads, layout_rooms, nicolae_ecumenical_snake_handling
D:3:      layout_basic, minmay_bisected
D:4:      layout_cave_pools, kiku_gazebo_garden_becter,
          minmay_temple_entry_gardened_gates

Notes
Turn   | Place    | Note
-------+----------+-------------------------------------------
     0 | D:1      | Ruich the Minotaur Chaos Knight began the quest for the
                  | Orb.
     0 | D:1      | Reached XP level 1. HP: 19/19 MP: 0/0
    63 | D:1      | Found Quevobeo's Antique Armour Shoppe.
    76 | D:1      | Reached skill level 4 in Long Blades
    91 | D:1      | XOM: silly message
   123 | D:1      | XOM: 2-stop teleportation journey
   291 | D:1      | Reached XP level 2. HP: 23/26 MP: 1/1
   597 | D:1      | XOM: silly message
   619 | D:2      | Reached skill level 5 in Long Blades
   633 | D:2      | Reached XP level 3. HP: 31/31 MP: 2/2
   661 | D:2      | Found a faded altar of an unknown god.
   809 | D:2      | XOM: 4-stop teleportation journey
  1197 | D:2      | an endoplasm changed into a shapeshifter
  1197 | D:2      | Noticed a shapeshifter (shapeshifter)
  1197 | D:2      | XOM: polymorph endoplasm -> shapeshifter
  1197 | D:2      | a shapeshifter changed into a kobold
  1440 | D:3      | Reached skill level 6 in Long Blades
  1440 | D:3      | Reached XP level 4. HP: 39/39 MP: 3/3
  1448 | D:3      | XOM: blink monster(s)
  1468 | D:3      | Got the Disquisition on Ensorcelling
  1532 | D:3      | Reached XP level 5. HP: 45/45 MP: 4/4
  1536 | D:3      | Reached skill level 7 in Long Blades
  1736 | D:4      | XOM: enchant monster (bad)
  1738 | D:4      | Reached skill level 8 in Long Blades
  1752 | D:4      | Reached XP level 6. HP: 49/51 MP: 5/5
  1760 | D:4      | Found a staircase to the Ecumenical Temple.
  1873 | D:4      | XOM: 3-stop teleportation journey
  1883 | D:4      | XOM: chaos upgrade
  1890 | D:4      | HP: 2/51 [orc priest/divine providence (16)]
  1890 | D:4      | XOM: butterfly on damage
  1893 | D:4      | XOM: 1-stop teleportation journey
  1898 | D:4      | HP: 4/51 [jackal (2)]
  1904 | D:4      | HP: 3/51 [centaur/arrow (7)]
  1904 | D:4      | HP: 1/51 [jackal (2)]
  1905 | D:4      | Shot with an arrow by a centaur

Vanquished Creatures
  A scorpion (D:4)
  2 bombardier beetles (D:3)
  3 hounds (D:4)
  An orc priest (D:3)
  An iguana (D:3)
  2 adders (D:2)
  5 orcs
  4 endoplasms
  2 giant cockroaches (D:1)
  5 hobgoblins
  7 jackals
  4 kobolds
  3 quokkas
  9 ball pythons
  A bat (shapeshifter) (D:2)
  3 bats
  5 frilled lizards (D:2)
  5 goblins
  5 rats
68 creatures vanquished.

Table legend: (Time is in decaauts)
 A = Elapsed time spent in this place.
 B = Non-inter-level travel time spent in this place.
 C = Inter-level travel time spent in this place.
 D = Time resting spent in this place.
 E = Time spent auto-exploring this place.
 F = Levels seen in this place.
 G = Mean time per level.
                   A        B        C        D        E       F      G
               +--------+--------+--------+--------+--------+-----+--------+
         Total |   1909 |   1841 |     68 |    127 |   1225 |   4 |  477.2 |
       Dungeon |   1909 |   1841 |     68 |    127 |   1225 |   4 |  477.2 |
               +--------+--------+--------+--------+--------+-----+--------+

Top non-repeatable levels by time:
     D:2: 744 daAuts
     D:1: 618 daAuts
     D:3: 365 daAuts
     D:4: 180 daAuts

Table legend:
 A = Non-vault XP
 B = Vault XP
 C = Vault XP percentage of total XP
 D = Non-vault monster count
 E = Vault monster count
 F = Vault count percentage of total count
                 A         B        C        D         E       F
            +---------+---------+-------+---------+---------+-------
      Total |     494 |      29 |   5.5 |      57 |      11 |  16.2
            +---------+---------+-------+---------+---------+-------
        D:1 |      26 |       0 |   0.0 |      15 |       0 |   0.0
        D:2 |      24 |      23 |  48.9 |       8 |       8 |  50.0
        D:3 |     208 |       6 |   2.8 |      21 |       3 |  12.5
        D:4 |     236 |       0 |   0.0 |      13 |       0 |   0.0
            +---------+---------+-------+---------+---------+-------
